 Dungeon Crawl Stone Soup version 0.19.5 (webtiles) character file.

816 McKennaii the Magician (level 7, -5/36 HPs)
             Began as a Deep Elf Fire Elementalist on May 22, 2017.
             Was a Follower of Sif Muna.
             Slain by an ogre
             ... wielding a +0 giant club
              (24 damage)
             ... on level 5 of the Dungeon.
             The game lasted 00:08:10 (3925 turns).

McKennaii the Magician (Deep Elf Fire Elementalist) Turns: 3925, Time: 00:08:11

Health: -5/36      AC:  6    Str:  5    XL:     7   Next: 62%
Magic:  4/20       EV: 12    Int: 26    God:    Sif Muna [*.....]
Gold:   171        SH:  0    Dex: 15    Spells: 4 memorised, 10 levels left

rFire  + . .     SeeInvis .     B - +2 rapier (protect)
rCold  x . .     Gourm    .     F - +3 leather armour
rNeg   . . .     Faith    .     (no shield)
rPois  .         Spirit   .     (no helmet)
rElec  .         Reflect  .     (no cloak)
rCorr  .         Harm     .     (no gloves)
MR     .....                    (no boots)
Stlth  ++........               (no amulet)
                                A - +4 ring of intelligence
                                g - ring of fire

@: no status effects
A: no striking features
a: Divine Energy, Renounce Religion


You were on level 5 of the Dungeon.
You worshipped Sif Muna.
Sif Muna was aware of your devotion.
You were hungry.

You visited 1 branch of the dungeon, and saw 5 of its levels.

You collected 171 gold pieces.

Inventory:

Hand Weapons
 B - a +2 rapier of protection (weapon)
Armour
 a - a +0 robe
 F - a +3 leather armour (worn)
Jewellery
 g - a ring of fire (left hand)
 h - a +3 ring of strength
 m - an uncursed ring of stealth
 u - a +4 ring of dexterity
 A - a +4 ring of intelligence (right hand)
Wands
 D - a wand of lightning (7/15)
Scrolls
 d - 5 scrolls of immolation {unknown}
 e - 7 scrolls of identify {unknown}
 f - 4 scrolls of enchant weapon {unknown}
 o - 2 scrolls of blinking {unknown}
 r - 3 scrolls of magic mapping {unknown}
 t - a scroll of amnesia {unknown}
 w - a scroll of fear {unknown}
 x - 2 scrolls of remove curse {unknown}
 y - 2 scrolls of recharging {unknown}
Potions
 i - 3 potions of might {unknown}
 j - a potion of haste {unknown}
 k - a potion of curing {unknown}
 l - a potion of degeneration {unknown}
 p - a potion of cure mutation {unknown}
 s - a potion of heal wounds {unknown}
 v - a potion of flight {unknown}
Books
 b - a book of Flames

   Spells                             Type                      Level
   a - Flame Tongue                   Conjuration/Fire             1
   b - Throw Flame                    Conjuration/Fire             2
   c - Conjure Flame                  Conjuration/Fire             3
   d - Inner Flame                    Hexes/Fire                   3
   e - Sticky Flame                   Conjuration/Fire             4
   f - Fireball                       Conjuration/Fire             5
 C - a book of Changes

   Spells                             Type                      Level
   a - Beastly Appendage              Transmutation                1
   b - Sticks to Snakes               Transmutation                2
   c - Spider Form                    Transmutation/Poison         3
   d - Ice Form                       Ice/Transmutation            4
   e - Blade Hands                    Transmutation                5
Comestibles
 c - 5 bread rations
 n - 14 fruits
 q - 2 meat rations
 z - a slice of pizza


   Skills:
 + Level 0.2 Fighting
 + Level 0.6 Short Blades
 + Level 0.1 Armour
 + Level 2.9 Dodging
 + Level 3.5 Stealth
 + Level 7.6 Spellcasting
 + Level 4.8 Conjurations
 + Level 5.5 Fire Magic


You had 10 spell levels left.
You knew the following spells:

 Your Spells              Type           Power        Failure   Level  Hunger
a - Flame Tongue          Conj/Fire      #####        1%          1    None
b - Throw Flame           Conj/Fire      ######       1%          2    None
c - Conjure Flame         Conj/Fire      ######..     3%          3    None
f - Fireball              Conj/Fire      ######....   34%         5    #####..


Dungeon Overview and Level Annotations

Branches:
Dungeon (5/15)             Temple (0/1) D:4

Altars:
Cheibriados
Fedhas
Gozag
Kikubaaqudgha
Okawaru
Qazlal
Sif Muna


Message History

The ogre appears unharmed.
The ogre is heavily wounded.
Casting: Flame Tongue
Confirm with . or Enter, or press ? or * to list all spells.
Aiming: Flame Tongue
Press: ? - help, Shift-Dir - straight line, f/p - ogre
Aim: an ogre, wielding a giant club (heavily wounded)
You feel a surge of power!
The flame tongue hits the ogre.
The ogre is severely wounded.
The ogre hits you with a giant club!
Casting: Flame Tongue
Confirm with . or Enter, or press ? or * to list all spells.
Aiming: Flame Tongue
Press: ? - help, Shift-Dir - straight line, f/p - ogre
Aim: an ogre, wielding a giant club (severely wounded)
You feel a surge of power!
The flame tongue hits the ogre.
The ogre is almost dead.
The ogre hits you with a giant club!!
Ouch! That really hurt!
You die...

###....#.........
##..####....... #
#..# ##.....# #.
#.## #...### #.
#.# #...# #.#
##.# ##..# #..
#..# #..#
#..###.## #..#
##..@#..#
#..O.†..#
#.......#
#........#
.....).....#
.......(......
.............##
...########### .#


You could see an ogre.

Vanquished Creatures
  An orc warrior (D:5)
  2 ogres (D:5)
  A centaur (D:5)
  A hound (D:4)
  An orc priest (D:5)
  A centaur skeleton (D:4)
  2 iguanas (D:5)
  4 orc wizards
  2 worker ants
  4 gnolls (D:3)
  4 adders
  An ooze (D:4)
  12 dart slugs
  3 leopard geckos
  15 orcs
  2 giant cockroaches
  4 hobgoblins
  3 quokkas
  2 ball pythons
  A bat (D:2)
  6 frilled lizards
  6 goblins
  7 kobolds
  A leopard gecko skeleton (D:4)
  6 rats
92 creatures vanquished.

Notes
Turn   | Place    | Note
-------+----------+-------------------------------------------
     0 | D:1      | McKennaii the Deep Elf Fire Elementalist began the quest for the Orb.
     0 | D:1      | Reached XP level 1. HP: 10/10 MP: 6/6
   150 | D:1      | Reached XP level 2. HP: 15/15 MP: 5/8
  1028 | D:2      | Reached XP level 3. HP: 19/19 MP: 7/10
  1032 | D:2      | Learned a level 2 spell: Throw Flame
  1036 | D:2      | Learned a level 3 spell: Conjure Flame
  1190 | D:2      | Found an opulent altar of Gozag.
  1261 | D:2      | Found a stormy altar of Qazlal.
  1550 | D:3      | Reached skill level 4 in Spellcasting
  1634 | D:3      | Reached XP level 4. HP: 24/24 MP: 0/12
  2074 | D:3      | Found a faded altar of an unknown god.
  2158 | D:3      | Reached skill level 5 in Spellcasting
  2158 | D:3      | Reached XP level 5. HP: 28/28 MP: 8/14
  2307 | D:3      | Found a deep blue altar of Sif Muna.
  2480 | D:3      | Became a worshipper of Sif Muna the Loreminder
  2721 | D:4      | Found a staircase to the Ecumenical Temple.
  2872 | D:4      | Found a blossoming altar of Fedhas.
  2919 | D:4      | Reached XP level 6. HP: 32/32 MP: 9/16
  3005 | D:4      | Found an ancient bone altar of Kikubaaqudgha.
  3145 | D:5      | Entered Level 5 of the Dungeon
  3182 | D:5      | Learned a level 5 spell: Fireball
  3200 | D:5      | Found an iron altar of Okawaru.
  3295 | D:5      | Reached skill level 5 in Fire Magic
  3296 | D:5      | Noticed an orc warrior
  3422 | D:5      | Killed an orc warrior
  3422 | D:5      | Reached * piety under Sif Muna
  3422 | D:5      | Reached skill level 6 in Spellcasting
  3661 | D:5      | Found a snail-covered altar of Cheibriados.
  3668 | D:5      | Reached XP level 7. HP: 36/36 MP: 4/18
  3791 | D:5      | Reached skill level 7 in Spellcasting
  3925 | D:5      | Slain by an ogre

Skill      XL: |  1  2  3  4  5  6  7 |
---------------+----------------------+-----
Stealth        | 3 |  3.5
Fire Magic     | 4 5 |  5.5
Spellcasting   | 4 5 6 7 |  7.6
Conjurations   | 2 4 |  4.8
Fighting       | |  0.2
Short Blades   | |  0.6
Armour         | |  0.1
Dodging        | |  2.9

Action                   |  1- 3 |  4- 6 |  7- 9 || total
-------------------------+-------+-------+-------++-------
Melee: Unarmed           |     1 |     1 |       ||     2
       Rapier            |       |    13 |       ||    13
 Cast: Flame Tongue      |    58 |    90 |     9 ||   157
       Throw Flame       |     5 |    31 |     9 ||    45
       Conjure Flame     |       |     3 |       ||     3
       Fireball          |       |       |     1 ||     1
  Eat: Chunk             |     1 |     7 |       ||     8
       Fruit             |     1 |       |       ||     1
Armor: Robe              |     2 |     8 |       ||    10
Dodge: Dodged            |     9 |    20 |     1 ||    30
